 Dungeon Crawl Stone Soup version 0.24-a0-127-gfc1eed5 (webtiles) character file.

Game seed: 3841801526051403342

163 nikopol the Magician (level 5, -16/28 HPs)
             Began as a Deep Elf Fire Elementalist on Feb 25, 2019.
             Demolished by an ogre
             ... wielding a +0 giant club
              (28 damage)
             ... on level 4 of the Dungeon.
             The game lasted 00:08:49 (3447 turns).

nikopol the Magician (Deep Elf Fire Elementalist)   Turns: 3447, Time: 00:08:49

Health: -16/28     AC:  3    Str:  8    XL:     5   Next: 20%
Magic:  14/14      EV: 12    Int: 21    God:
Gold:   123        SH:  0    Dex: 15    Spells: 7/13 levels left

rFire    . . .     SeeInvis .   h - +0 short sword
rCold    . . .     Gourm    .   (no shield)
rNeg     . . .     Faith    .   q - +0 leather armour
rPois    .         Spirit   .   (no helmet)
rElec    .         Reflect  .   (no cloak)
rCorr    .         Harm     .   (no gloves)
MR       .....                  (no boots)
Stlth    ++........             (no amulet)
HPRegen  0.09/turn              b - +3 ring of strength
MPRegen  0.14/turn              (no ring)

@: no status effects
A: no striking features
a: no special abilities


You were on level 4 of the Dungeon.
You were near starving.

You visited 1 branch of the dungeon, and saw 4 of its levels.

You collected 123 gold pieces.

Inventory:

Hand Weapons
 h - a +0 short sword (weapon)
Armour
 a - a +0 robe
 q - a +0 leather armour (worn)
 w - a scarf of resistance
Jewellery
 b - a +3 ring of strength (left hand)
 k - an uncursed amulet of magic regeneration {unknown}
 p - an uncursed ring of resist corrosion {unknown}
Wands
 l - a wand of flame (8)
Scrolls
 f - 2 scrolls of enchant weapon {unknown}
 g - 3 scrolls of teleportation {unknown}
 i - a scroll of noise {unknown}
 j - 2 scrolls of fog {unknown}
 n - a scroll of identify {unknown}
 o - a scroll of remove curse {unknown}
Potions
 d - a potion of lignification {unknown}
 e - 2 potions of curing {unknown}
 m - a potion of flight {unknown}
 s - 2 potions of mutation {unknown}
 t - a potion of agility {unknown}
 u - a potion of haste {unknown}
 v - a potion of heal wounds {unknown}
Comestibles
 c - 6 rations
 r - a chunk of flesh


   Skills:
 + Level 0.7 Fighting
 * Level 0.4 Armour
 + Level 2.9 Dodging
 + Level 3.1 Stealth
 + Level 4.8 Spellcasting
 + Level 2.1 Conjurations
 + Level 4.4 Fire Magic


You had 7 spell levels left.
You knew the following spells:

 Your Spells              Type           Power        Failure   Level  Hunger
a - Flame Tongue          Conj/Fire      ###..        4%          1    None
b - Throw Flame           Conj/Fire      ###...       6%          2    None
c - Conjure Flame         Conj/Fire      ###.....     12%         3    ##.....

Your spell library contained the following spells:

 Spells                   Type           Power        Failure   Level  Hunger
 Magic Dart               Conj           ##..         7%          1    None
 Inner Flame              Hex/Fire       ##......     19%         3    ##.....
 Blink                    Tloc           N/A          24%         2    None
 Call Imp                 Summ           #.......     24%         2    None
 Slow                     Hex            #.......     24%         2    None
 Mephitic Cloud           Conj/Pois/Air  #.......     34%         3    ##.....
 Sticky Flame             Conj/Fire      ###.....     38%         4    ####...
 Fireball                 Conj/Fire      ###.......   75%         5    #####..


Dungeon Overview and Level Annotations

Branches:
Dungeon (4/15)
 Temple: D:4-7

Altars:
Uskayaw
Yredelemnul
Zin

Annotations:
D:4 Edmund, Pikel


Message History

You butcher the frilled lizard corpse.
r - a chunk of flesh You see here a frilled lizard skeleton.
You see here a glowing scarf.
w - a glowing scarf You see here a frilled lizard skeleton.
Found a stone staircase leading down.
Found 5 gold pieces.
There is a stone staircase leading down here.
An ogre comes into view. It is wielding a +0 giant club.
There is a stone staircase leading down here.
There is a stone staircase leading down here.
The ogre hits you with a +0 giant club!
Ouch! That really hurt!
You are near starving!
There is a stone staircase leading down here.
There isn't anything here!
The ogre hits you with a +0 giant club!!
Ouch! That really hurt!
You die...

...## #...# #...## #...#
#### ##### #...# ..#
#...########...####.###.##
#...>..>.....รท...........#
#.$.########O.#####.##...###
##..##.....@.## #..(.....#
..........#### #.........
##.#.##.##.##### #.........
......#.......### #.........
##.#..#.##.#.....#
#......... ..#..#
#.#.###.####........ #...#
#..........##.
#.#.###.######....<.
#.#.......# ######.


You could see an ogre.

Vanquished Creatures
  A slave (D:3)
  An orc wizard (D:3)
  3 gnolls (D:2)
  An adder (D:2)
  2 oozes
  2 worms (D:2)
  3 dart slugs
  5 leopard geckos
  6 orcs
  10 bats
  2 giant cockroaches
  5 goblins
  8 hobgoblins
  2 jackals (D:1)
  4 frilled lizards
  8 kobolds
  4 rats
67 creatures vanquished.

Notes
Turn   | Place    | Note
-------+----------+-------------------------------------------
     0 | D:1      | nikopol the Deep Elf Fire Elementalist began the quest for
                  | the Orb.
     0 | D:1      | Reached XP level 1. HP: 10/10 MP: 6/6
   164 | D:1      | Reached XP level 2. HP: 13/15 MP: 0/8
   711 | D:1      | Reached XP level 3. HP: 19/19 MP: 6/9
   715 | D:1      | Learned a level 2 spell: Throw Flame
   719 | D:1      | Learned a level 3 spell: Conjure Flame
  1619 | D:2      | Reached XP level 4. HP: 24/24 MP: 7/11
  1924 | D:2      | Found a basalt altar of Yredelemnul.
  2257 | D:2      | Found a glowing silver altar of Zin.
  2543 | D:3      | Reached XP level 5. HP: 28/28 MP: 10/14
  2699 | D:3      | Found a hide-covered altar of Uskayaw.
  3047 | D:4      | Noticed Edmund
  3198 | D:4      | Noticed a slave
  3198 | D:4      | Noticed a slave
  3198 | D:4      | Noticed a slave
  3198 | D:4      | Noticed a slave
  3200 | D:4      | Noticed Pikel
  3218 | D:3      | Killed a slave
  3433 | D:4      | Noticed an ogre
  3447 | D:4      | Demolished by an ogre

Levels and vault maps discovered:
D:1:      roderic_dead_forest, layout_basic
D:2:      layout_basic, nicolae_overflow_hidden_temple, zin_academy
D:3:      layout_rooms, first_ration, lemuel_statue_altar
D:4:      layout_loops_ring, minmay_temple_entry_enclosed_plants,
          eino_curves_02, minivault_19, kennysheep_generic_room_12, uniq_pikel,
          uniq_edmund

Skill      XL: |  1  2  3  4 |
---------------+-------------+-----
Fire Magic     | 4 |  4.4
Stealth        | 3 |  3.1
Spellcasting   | 4 |  4.8
Conjurations   | 2 |  2.1
Fighting       | |  0.7
Armour         | |  0.4
Dodging        | |  2.9

Action                   |  1- 3 |  4- 6 || total
-------------------------+-------+-------++-------
 Cast: Flame Tongue      |    79 |    73 ||   152
       Conjure Flame     |       |     2 ||     2
       Throw Flame       |       |     2 ||     2
  Eat: Chunk             |     2 |     4 ||     6
Armor: Robe              |    24 |     1 ||    25
       Leather armour    |       |     3 ||     3
Dodge: Dodged            |    59 |    15 ||    74

Table legend:
 A = Non-vault XP
 B = Vault XP
 C = Vault XP percentage of total XP
 D = Non-vault monster count
 E = Vault monster count
 F = Vault count percentage of total count
                 A         B        C        D         E       F
            +---------+---------+-------+---------+---------+-------
      Total |     233 |       0 |   0.0 |      66 |       0 |   0.0
            +---------+---------+-------+---------+---------+-------
        D:1 |      54 |       0 |   0.0 |      27 |       0 |   0.0
        D:2 |     108 |       0 |   0.0 |      26 |       0 |   0.0
        D:3 |      70 |       0 |   0.0 |      12 |       0 |   0.0
        D:4 |       1 |       0 |   0.0 |       1 |       0 |   0.0
            +---------+---------+-------+---------+---------+-------
